 Dungeon Crawl Stone Soup version 0.29.1-15-g9cfb28693d (webtiles) character file.

Game seed: 9193936122653603205

411 nightchill the Cudgeller (level 6, -2/40 HPs)
             Began as a Gargoyle Fighter on Apr 3, 2023.
             Slain by an orc
             ... wielding a +0 morningstar
              (7 damage)
             ... on level 7 of the Dungeon.
             The game lasted 00:05:08 (4522 turns).

nightchill the Cudgeller (Gargoyle Fighter)         Turns: 4522, Time: 00:05:09

Health: -2/40      AC: 18    Str: 19    XL:     6   Next: 90%
Magic:  6/6        EV:  7    Int: 11    God:
Gold:   259        SH:  4    Dex:  9    Spells: 5/5 levels left

rFire   . . .      SeeInvis .   a - +0 flail
rCold   . . .      Faith    .   c - +0 buckler
rNeg    + + .      Spirit   .   q - +2 chain mail of the Arcane {+Inv rElec}
rPois   ∞          Reflect  .   o - +1 helmet
rElec   +          Harm     .   (no cloak)
rCorr   .          Rampage  .   k - +0 pair of gloves
Will    .....                   (no boots)
Stlth   ..........              (no amulet)
HPRegen 0.13/turn               i - ring of positive energy
MPRegen 0.10/turn               (no ring)

@: mighty, flying
A: sickness immunity, AC +4, negative energy resistance 1, electricity
resistance, torment resistance 1, petrification resistance
a: Evoke Invisibility


You were on level 7 of the Dungeon.
You visited 1 branch of the dungeon, and saw 5 of its levels.

You collected 259 gold pieces.

Inventory:

Hand Weapons
 a - a +0 flail (weapon)
Armour
 b - a +0 scale mail
 c - a +0 buckler (worn)
 k - a +0 pair of gloves (worn)
 o - a +1 helmet (worn)
 q - the +2 chain mail of the Arcane (worn) {+Inv rElec}
   (You found it on level 2 of the Dungeon)

   rElec:     It insulates you from electricity.
   +Inv:      It lets you turn invisible.
 s - a scarf of harm
Jewellery
 i - a ring of positive energy (left hand)
 j - an amulet of faith
Scrolls
 n - 6 scrolls of teleportation {unknown}
 u - a scroll of fog {unknown}
 v - a scroll of magic mapping {unknown}
 w - a scroll of enchant armour {unknown}
 y - 2 scrolls of identify {unknown}
Potions
 e - a potion of attraction {unknown}
 f - a potion of mutation {unknown}
 g - 2 potions of haste {unknown}
 h - 2 potions of flight
 l - a potion of berserk rage {unknown}
 m - 2 potions of degeneration {unknown}
 p - a potion of heal wounds {unknown}
 r - 2 potions of invisibility {unknown}
 t - a potion of brilliance {unknown}
 x - a potion of curing {unknown}


   Skills:
 + Level 5.4 Fighting
 * Level 5.9 Maces & Flails
 - Level 3.2 Armour
 - Level 3.2 Shields


You had 5 spell levels left.
You didn't know any spells.
Your spell library contained the following spells:

 Spells                   Type           Power      Damage    Failure   Level
 Magic Dart               Conj           0%         1d3       99%         1
 Call Imp                 Summ           0%         N/A       100%        2
 Gell's Gravitas          Tloc           0%         N/A       100%        3
 Mephitic Cloud           Conj/Pois/Air  0%         N/A       100%        3
 Ozocubu's Armour         Ice            0%         N/A       100%        3
 Teleport Other           Tloc           0%         N/A       100%        3
 Dispersal                Tloc           0%         N/A       100%        6
 Ozocubu's Refrigeration  Ice            0%         4d7       100%        7


Dungeon Overview and Level Annotations

Branches:
Dungeon (4/15)
 Temple: D:4-7

Altars:
Ashenzari
Makhleb
Okawaru
Vehumet
Wu Jian
Yredelemnul


Innate Abilities, Weirdness & Mutations

You are immune to sickness and miasma.
Your stone body is resilient. (AC +4)
You are immune to poison.
You resist negative energy. (rN+)
You are resistant to electric shocks. (rElec)
You are resistant to unholy torment.
You are immune to petrification.


Message History

The orc priest is lightly wounded.
The orc priest looks encouraged for a moment.
The orc barely misses you.
You closely miss the orc priest.
The orc priest is lightly wounded.
The orc priest miscasts a cantrip.
The orc hits you with a +0 morningstar.
The orc priest mumbles some strange prayers to Beogh against you.
Beogh smites you! The orc hits you but does no damage.
You hear an angry growl.
You hit the orc priest.
The orc priest is moderately wounded.
You block the orc's attack.
The orc priest hits you but does no damage.
The orc hits you but does no damage.
You barely miss the orc priest.
The orc priest is moderately wounded.
The orc hits you with a +0 morningstar.
* * * LOW HITPOINT WARNING * * *
The orc priest hits you but does no damage.
You block the orc's attack.
You feel very mighty all of a sudden. The orc hits you with a +0 morningstar.
* * * LOW HITPOINT WARNING * * *
The orc priest invokes the aid of Beogh against you.
Pain shoots through your body!
* * * LOW HITPOINT WARNING * * *
The orc barely misses you.
You hit the orc priest.
The orc priest is heavily wounded.
The orc priest looks encouraged for a moment.
The orc hits you but does no damage.
The orc priest calls down the wrath of Beogh upon you.
Beogh smites you!
* * * LOW HITPOINT WARNING * * *
The orc hits you but does no damage.
It was a potion of flight.
You feel very buoyant.
You fly up into the air.
The orc hits you with a +0 morningstar!
You die...

#................#
..........).....#
...........# ##.#...##
#...#.### ######.......#
#........#.#.#
.###.#####o.......#.#..#
.......ooo@.......#.# .#
.O###...o##########[# ..
.>...##..o #.. ## #####
####o. .# #


You could see 2 orc priests and 3 orcs.

Vanquished Creatures
  A phantom (D:3)
  3 hounds (D:4)
  Terence (D:3)
  An orc wizard (D:7)
  9 gnolls
  3 adders
  An ufetubus (D:4)
  A worm (D:2)
  6 orcs
  8 endoplasms
  4 giant cockroaches
  5 hobgoblins
  3 quokkas
  7 ball pythons
  4 bats
  3 frilled lizards
  4 goblins
  10 kobolds
  5 rats
79 creatures vanquished.

Notes
Turn   | Place    | Note
-------+----------+-------------------------------------------
     0 | D:1      | nightchill the Gargoyle Fighter began the quest for the
                  | Orb.
     0 | D:1      | Reached XP level 1. HP: 14/14 MP: 1/1
    60 | D:1      | Found a faded altar of an unknown god.
   210 | D:1      | Reached XP level 2. HP: 17/19 MP: 2/2
  1209 | D:2      | Reached XP level 3. HP: 23/24 MP: 3/3
  1490 | D:2      | Identified the +2 chain mail of the Arcane {+Inv rElec}
  2244 | D:3      | Reached XP level 4. HP: 29/29 MP: 4/4
  2494 | D:3      | Found an ornate altar of the Wu Jian Council.
  2709 | D:3      | Reached XP level 5. HP: 20/34 MP: 5/5
  2847 | D:3      | Noticed Terence
  2854 | D:3      | Killed Terence
  2859 | D:3      | Found an iron altar of Okawaru.
  2974 | D:3      | Found a radiant altar of Vehumet.
  2974 | D:3      | Found a basalt altar of Yredelemnul.
  2992 | D:3      | Found a burning altar of Makhleb.
  3692 | D:3      | Found a broken altar of Ashenzari.
  3886 | D:4      | Noticed a phantom
  3917 | D:3      | Killed a phantom
  3918 | D:3      | Reached skill level 5 in Fighting
  3918 | D:3      | Reached skill level 5 in Maces & Flails
  3918 | D:3      | Reached XP level 6. HP: 34/40 MP: 6/6
  4492 | D:4      | You fall into a shaft and drop 3 floors!
  4522 | D:7      | Slain by an orc

Illustrated notes

Levels and vault maps discovered:
D:1:      dpeg_arrival_shrine, layout_basic, chequers_ecumenical_altar_lobes,
          nrook_mini_vaults, chequers_serial_rivers_small_3
D:2:      layout_basic
D:3:      minmay_evil_eye, layout_loops_ring, nicolae_overflow_quartered_altars,
          mainiacjoe_overflow_catwalk, mainiacjoe_overflow_surrounded_room,
          minmay_diced_spiral, uniq_terence
D:4:      layout_loops_ring
D:7:      layout_rooms

Skill      XL: |  1  2  3  4  5 |
---------------+----------------+-----
Maces & Flails | 3 4 5 |  5.9
Fighting       | 4 5 |  5.4
Armour         | |  3.2
Shields        | |  3.2

Action                   |  1- 3 |  4- 6 || total
-------------------------+-------+-------++-------
Melee: Flail             |   110 |   206 ||   316
  Use: Potion            |       |     2 ||     2
Armor: Scale mail        |    52 |       ||    52
       Chain mail        |    14 |   208 ||   222
Dodge: Dodged            |    50 |    97 ||   147
Block: Buckler           |    14 |    56 ||    70
